Construct Section Command Post
Selects Australian Defense Battlegroup
Selects Australian Light Infantry Section
Australian Light Infantry Section
Australian Light Infantry Section
Construct Platoon Command Post
Construct Field Infirmary
Selects 2-pounder Anti-tank Gun Team
2-pounder Anti-tank Gun Team
2-pounder Anti-tank Gun Team
Unlock Bishop Self-propelled Artillery
Bishop Self-propelled Artillery
Selects Vehicle Over Repair
Bishop Self-propelled Artillery
Selects CMP 15cwt Supply Run
Selects Artillery Trip Wire Flares
Selects Archer Tank Destroyer
Australian Light Infantry Section